AoeStats
← angyajka

Black Forest

510145014Analyzed
4v4 RM · 3d ago on Sep 29, 2026· 48m 0s· 8 players
Game mode
Random Map
Map size
Large (8 player)
Population
200
Speed
Normal
Resources
Standard
Victory
Conquest
Starting age
Dark Age
Ending age
Imperial Age
RankedLock teamsTeams togetherTeam positionsShared explorationLock speedFull tech treeHidden civsTurbo modeCheats
Victory
Defeat
🇫🇷 Inca · France
944
+14
🇵🇹 Spanish · Portugal
933
+14
🇱🇹 Slavs · Lithuania
932
+14
🇨🇴 Turks · Colombia
926
+15
🇭🇺 Berbers · Hungary
1000
-55
🇧🇷 Britons · Brazil
873
-13
🇹🇼 Varangians · Taiwan
861
-13
🇨🇴 Franks · Colombia
854
-13
Pipas
14:31 Feudal Age
15:20 Horse Collar
18:28 Castle Age
22:16 Wheelbarrow
21:52 Double-Bit Axe
24:09 Bow Saw
26:05 Fortified Wall
30:44 Imperial Age
28:38 Caravan
29:20 Gold Mining
29:32 Heavy Plow
30:07 Hand Cart
29:38 Loom
30:36 Gold Shaft Mining
31:04 Forging
31:00 Scale Barding Armor
31:23 Squires
31:39 Stone Mining
33:09 Two-Man Saw
32:43 Crop Rotation
32:49 Bloodlines
32:39 Husbandry
33:17 Iron Casting
33:02 Chain Barding Armor
33:05 Druzhina
33:42 Detinets
35:17 Blast Furnace
33:39 Elite Boyar
36:11 Plate Barding Armor
35:40 Scale Mail Armor
35:03 Pikeman
39:26 Chain Mail Armor
42:56 Plate Mail Armor
42:43 Light Cavalry
42:43 Cavalier
43:15 Fletching
43:26 Padded Archer Armor
43:48 Ballistics
44:29 Chemistry
42:51 Man-at-Arms
42:51 Halberdier
44:04 Coinage
43:22 Town Watch
44:37 Town Patrol
44:05 Hussar
44:45 Bodkin Arrow
45:05 Leather Archer Armor
44:13 Long Swordsman
45:30 Banking
45:40 Siege Engineers
45:46 Masonry
46:13 Hoardings
45:09 Sappers
45:59 Conscription
45:35 Two-Handed Swordsman
45:40 Capped Ram
45:40 Onager
45:43 Elite Skirmisher
46:18 Crossbowman
47:31 Ring Archer Armor
46:59 Murder Holes
47:14 Heavy Cavalry Archer
47:47 Heavy Scorpion
WololoJedi
3:07 Loom
13:11 Feudal Age
15:33 Wheelbarrow
17:02 Man-at-Arms
19:04 Horse Collar
20:18 Double-Bit Axe
24:16 Fishing Lines
25:18 Stone Mining
27:38 Castle Age
26:03 Gold Mining
28:40 Hand Cart
28:38 Bow Saw
28:45 Gillnets
29:38 Gold Shaft Mining
29:31 Caravan
29:45 Heavy Plow
39:03 Imperial Age
37:56 Ballistics
39:22 Heated Shot
39:13 Treadmill Crane
39:44 Masonry
39:30 Murder Holes
39:26 Guard Tower
40:22 Conscription
41:40 Bombard Tower
41:32 Fortified Wall
41:58 Cavalier
42:38 Husbandry
42:49 Bloodlines
44:18 Architecture
44:24 Keep
45:45 Hoardings
45:52 Coinage
44:54 Heavy Camel Rider
Mac Demarco
5:42 Loom
12:23 Feudal Age
17:41 Castle Age
18:18 Horse Collar
18:33 Double-Bit Axe
18:48 Gold Mining
18:52 Stone Mining
31:41 Imperial Age
31:24 Bow Saw
31:30 Heavy Plow
32:08 Stone Shaft Mining
31:40 Caravan
31:51 Scale Barding Armor
31:46 Scale Mail Armor
31:57 Forging
31:37 Fletching
31:15 Pikeman
31:56 Squires
33:46 Wheelbarrow
33:07 Cavalier
33:47 Husbandry
33:58 Bloodlines
33:10 Halberdier
34:18 Conscription
34:42 Hand Cart
34:13 Town Watch
35:07 Chain Barding Armor
35:02 Chain Mail Armor
35:23 Iron Casting
34:43 Bodkin Arrow
35:29 Paladin
36:34 Ballistics
37:14 Chemistry
36:10 Murder Holes
Bloups3000
0:57 Loom
12:06 Feudal Age
13:11 Double-Bit Axe
14:43 Fishing Lines
18:30 Castle Age
16:36 Gold Mining
16:52 Stone Mining
17:18 Horse Collar
17:56 Fletching
19:25 Bow Saw
18:41 Crossbowman
23:24 Gillnets
24:51 Stone Shaft Mining
27:35 Wheelbarrow
26:49 Town Watch
28:19 Heavy Plow
28:43 Fortified Wall
32:48 Imperial Age
31:18 Gold Shaft Mining
31:14 Ballistics
30:50 Murder Holes
31:05 Bodkin Arrow
31:10 Padded Archer Armor
31:14 Scale Mail Armor
31:29 Forging
31:40 Masonry
32:40 Hand Cart
32:31 Treadmill Crane
33:11 Leather Archer Armor
32:58 Squires
32:45 Arson
33:07 Thumb Ring
33:54 Conscription
33:40 Bracer
33:59 Arbalester
35:17 Chain Mail Armor
35:44 Hoardings
36:10 Ring Archer Armor
37:15 Plate Mail Armor
37:21 Iron Casting
37:58 Crop Rotation
37:54 Elite Kamayuk
38:37 Andean Sling
39:22 Fabric Shields
41:35 Blast Furnace
48:05 Medium Warships
47:15 Demolition Ship
47:19 Elite Skirmisher
47:23 Pikeman
47:23 Champi Runner
48:08 Andean Sling
47:41 Sappers
47:47 Sappers
delgadosebas39
1:42 Loom
15:14 Feudal Age
16:34 Wheelbarrow
16:11 Gold Mining
17:43 Double-Bit Axe
22:15 Castle Age
21:27 Fishing Lines
23:20 Bow Saw
24:51 Hand Cart
24:24 Town Watch
24:52 Squires
28:23 Gillnets
28:43 Town Patrol
30:30 Gold Shaft Mining
30:32 Fortified Wall
34:34 Imperial Age
33:21 Scale Barding Armor
33:27 Forging
35:10 Husbandry
34:46 Cavalier
36:01 Chain Barding Armor
36:07 Conscription
36:27 Ballistics
37:09 Chemistry
36:10 Paladin
39:34 Arson
40:04 Scale Mail Armor
42:24 Plate Barding Armor
angyajka
13:32 Feudal Age
33:28 Castle Age
41:19 Imperial Age
38:38 Loom
39:54 Forging
40:19 Scale Barding Armor
42:01 Iron Casting
43:11 Wheelbarrow
44:35 Chain Barding Armor
46:29 Blast Furnace
47:12 Plate Barding Armor
watchout0723
0:28 Loom
24:39 Feudal Age
25:15 Double-Bit Axe
suntzu
1:29 Loom
11:31 Feudal Age
13:16 Wheelbarrow
13:50 Double-Bit Axe
14:08 Horse Collar
20:19 Gold Mining
20:21 Fishing Lines
24:21 Castle Age
22:58 Stone Mining
25:38 Bow Saw
26:04 Heavy Plow
26:12 Caravan
27:08 Gold Shaft Mining
28:25 Hand Cart
29:05 Forging
28:45 Fletching
28:56 Padded Archer Armor
28:56 Scale Mail Armor
29:02 Scale Barding Armor
29:22 Gillnets
34:28 Imperial Age
31:44 Town Watch
33:05 Leather Archer Armor
32:46 Bodkin Arrow
32:56 Husbandry
32:59 Squires
32:44 Arson
33:49 Ballistics
33:57 Light Cavalry
35:03 Murder Holes
36:18 Two-Man Saw
37:24 Conscription
36:25 Elite Longbowman
38:21 Town Patrol
39:46 Chemistry
39:24 Ring Archer Armor
38:55 Bracer
39:51 Yeomen
40:34 Iron Casting
40:20 Chain Barding Armor
41:50 Chain Mail Armor
41:01 Pikeman
43:44 Blast Furnace
Connection lost

Rejoining the realm…

Still unreachable

The connection could not be restored.

Session expired

The server has moved on; the page needs a fresh start.